 Dungeon Sprint DCSS version 0.22-a0-136-g83a10e5 (webtiles) character file.

1941 schets the Fighter (level 9, -16/83 HPs)
             Began as a Gnoll Wanderer on Feb 2, 2018.
             Was a Priest of Okawaru.
             Killed from afar by an efreet (28 damage)
             ... with a fireball
             ... in the Dungeon (Sprint IX: "|||||||||||||||||||||||||||||").
             The game lasted 00:02:25 (817 turns).

schets the Fighter (Gnoll Wanderer)                  Turns: 817, Time: 00:02:26

Health: -16/83     AC: 16    Str: 17    XL:     9   Next: 18%
Magic:  17/19      EV: 14    Int: 14    God:    Okawaru [***...]
Gold:   0          SH: 13    Dex: 16    Spells: 22/22 levels left

rFire    . . .     SeeInvis .   s - +2 morningstar (holy)
rCold    . . .     Gourm    .   a - +0 shield
rNeg     . . .     Faith    .   p - +1 chain mail
rPois    .         Spirit   .   (no helmet)
rElec    .         Reflect  .   r - +0 cloak
rCorr    .         Harm     .   q - +0 pair of gloves
MR       .....     NoTele   +   (no boots)
Stlth    ++........             (no amulet)
HPRegen  0.23/turn              (no ring)
MPRegen  0.16/turn              (no ring)

@: heroism
A: distributed training, fangs 1, strong nose
a: Heroism, Renounce Religion


You were in the Dungeon.
You worshipped Okawaru.
Okawaru was most pleased with you.
You were not hungry.

You visited 1 branch

Inventory:

Hand Weapons
 c - a +0 mace
 s - a +2 morningstar of holy wrath (weapon)
 t - a +2 scimitar of flaming
Armour
 a - a +0 shield (worn)
 b - a +0 ring mail
 p - a +1 chain mail (worn)
 q - a +0 pair of gloves (worn)
 r - a +0 cloak (worn)
Jewellery
 n - a +3 ring of dexterity
 o - a +3 ring of strength
Wands
 m - a wand of acid (7)
Scrolls
 j - 2 scrolls of blinking
 k - 3 scrolls of remove curse
 l - 2 scrolls of amnesia
Potions
 e - 5 potions of curing
 f - a potion of invisibility
 g - a potion of haste
 h - 4 potions of magic
 i - 2 potions of heal wounds
Comestibles
 d - a ration
 u - 7 chunks of flesh


   Skills:
 + Level 12.3(17.3) Fighting
 + Level 7.2(12.2) Short Blades
 + Level 7.2(12.2) Long Blades
 + Level 7.2(12.2) Axes
 + Level 8.6(13.6) Maces & Flails
 + Level 7.2(12.2) Polearms
 + Level 7.2(12.2) Staves
 + Level 7.2(12.2) Slings
 + Level 7.2(12.2) Bows
 + Level 7.2(12.2) Crossbows
 + Level 7.2(12.2) Throwing
 + Level 7.7(12.7) Armour
 + Level 7.2(12.2) Dodging
 + Level 7.2(12.2) Stealth
 + Level 7.7(12.7) Shields
 + Level 7.2(12.2) Unarmed Combat
 + Level 7.2 Spellcasting
 + Level 6.0 Conjurations
 + Level 6.0 Hexes
 + Level 6.0 Charms
 + Level 6.0 Summonings
 + Level 6.0 Necromancy
 + Level 6.0 Translocations
 + Level 6.0 Transmutations
 + Level 6.0 Fire Magic
 + Level 6.0 Ice Magic
 + Level 6.0 Air Magic
 + Level 6.0 Earth Magic
 + Level 6.0 Poison Magic
 + Level 7.9 Invocations
 + Level 7.7 Evocations


You had 22 spell levels left.
You didn't know any spells.

Dungeon Overview and Level Annotations

Branches:
Dungeon (1/1)

Altars:
Cheibriados
Dithmenos
Elyvilon
Fedhas
Gozag
Hepliaklqana
Kikubaaqudgha
Makhleb
Nemelex Xobeh
Okawaru
Qazlal
Ru
Sif Muna
Trog
Uskayaw
Vehumet
Wu Jian
Xom
Yredelemnul
Zin
The Shining One
Beogh
Jiyva
Lugonu


Innate Abilities, Weirdness & Mutations

Your experience applies equally to all skills.
You have very sharp teeth.
Your uncanny sense of smell can sniff out nearby items.


Message History

You hit the efreet but do no damage. You hit the efreet but do no damage.
You bite the efreet, but do no damage. You block the efreet's attack.
You hit the efreet but do no damage. The efreet barely misses you.
You hit the efreet but do no damage.
The efreet hits you with a scimitar of flaming!
The efreet burns you.
You puncture the efreet!
The efreet convulses!
The efreet is heavily wounded.
You hit the efreet.
The efreet convulses.
The efreet is severely wounded.
The efreet hits you with a scimitar of flaming!
* * * LOW HITPOINT WARNING * * *
The efreet burns you.
* * * LOW HITPOINT WARNING * * *
You hit the efreet but do no damage.
The efreet is severely wounded.
The efreet gestures at you.
The fireball explodes!
The fireball engulfs you!
You die...

▓.▓
∆
▓)▓
∆
▓)▓
∆
▓.▓
∆
▓.▓
▓.▓
∆
▓.▓
▓.▓
∆
▓@▓
∆
▓R▓
∆
▓y▓
∆
▓.▓
▓.▓
▓.▓
▓.▓
▓+▓


You could see an efreet and a killer bee.

Vanquished Creatures
  A hydra (D)
  A tengu warrior (D)
  A yak (D)
  2 sky beasts (D)
  An ogre (D)
  A centaur (D)
  A big kobold (D)
  A bullfrog (D)
  A worker ant (D)
  An adder (D)
  2 leopard geckos (D)
  An orc (D)
  A jackal (D)
  A quokka (D)
  A frilled lizard (D)
  2 kobolds (D)
  A rat (D)
20 creatures vanquished.

Notes
Turn   | Place    | Note
-------+----------+-------------------------------------------
     0 | D        | Reached skill level 10 in Fighting
     0 | D        | schets the Gnoll Wanderer began the quest for the Orb.
     0 | D        | schets set off with: a +0 shield, a +0 ring mail, a +0 mace, a ration, a potion of curing, a potion of heal wounds, a potion of haste, 2 potions of magic, a potion of berserk rage, a scroll of blinking
     0 | D        | Reached XP level 1. HP: 28/28 MP: 2/2
    13 | D        | Reached skill level 1 in Invocations
   194 | D        | Noticed a sky beast
   197 | D        | Reached skill level 1 in Short Blades
   197 | D        | Reached skill level 1 in Long Blades
   197 | D        | Reached skill level 1 in Axes
   197 | D        | Reached skill level 1 in Polearms
   197 | D        | Reached skill level 1 in Staves
   197 | D        | Reached skill level 1 in Slings
   197 | D        | Reached skill level 1 in Bows
   197 | D        | Reached skill level 1 in Crossbows
   197 | D        | Reached skill level 1 in Throwing
   197 | D        | Reached skill level 1 in Dodging
   197 | D        | Reached skill level 1 in Stealth
   197 | D        | Reached skill level 1 in Unarmed Combat
   197 | D        | Reached skill level 1 in Spellcasting
   197 | D        | Reached XP level 2. HP: 34/36 MP: 4/4
   203 | D        | Reached skill level 1 in Conjurations
   203 | D        | Reached skill level 1 in Hexes
   203 | D        | Reached skill level 1 in Charms
   203 | D        | Reached skill level 1 in Summonings
   203 | D        | Reached skill level 1 in Necromancy
   203 | D        | Reached skill level 1 in Translocations
   203 | D        | Reached skill level 1 in Transmutations
   203 | D        | Reached skill level 1 in Fire Magic
   203 | D        | Reached skill level 1 in Ice Magic
   203 | D        | Reached skill level 1 in Air Magic
   203 | D        | Reached skill level 1 in Earth Magic
   203 | D        | Reached skill level 1 in Poison Magic
   227 | D        | Killed a sky beast
   227 | D        | Reached skill level 5 in Maces & Flails
   227 | D        | Reached XP level 3. HP: 27/42 MP: 4/7
   227 | D        | Reached XP level 4. HP: 31/49 MP: 4/8
   495 | D        | Found a roughly hewn altar of Beogh.
   495 | D        | Found a snail-covered altar of Cheibriados.
   495 | D        | Found a shadowy altar of Dithmenos.
   495 | D        | Found a white marble altar of Elyvilon.
   495 | D        | Found a blossoming altar of Fedhas.
   495 | D        | Found an opulent altar of Gozag.
   496 | D        | Found a hazy altar of Hepliaklqana.
   497 | D        | Found a viscous altar of Jiyva.
   498 | D        | Found an ancient bone altar of Kikubaaqudgha.
   499 | D        | Found a corrupted altar of Lugonu.
   500 | D        | Found a burning altar of Makhleb.
   501 | D        | Found a sparkling altar of Nemelex Xobeh.
   502 | D        | Found an iron altar of Okawaru.
   503 | D        | Found a stormy altar of Qazlal.
   504 | D        | Found a sacrificial altar of Ru.
   505 | D        | Found a deep blue altar of Sif Muna.
   506 | D        | Found a bloodstained altar of Trog.
   507 | D        | Found a hide-covered altar of Uskayaw.
   508 | D        | Found a radiant altar of Vehumet.
   509 | D        | Found an ornate altar of the Wu Jian Council.
   510 | D        | Found a shimmering altar of Xom.
   511 | D        | Found a basalt altar of Yredelemnul.
   512 | D        | Found a glowing silver altar of Zin.
   513 | D        | Found a glowing golden altar of the Shining One.
   582 | D        | Became a worshipper of Warmaster Okawaru
   605 | D        | Noticed an ogre
   605 | D        | Noticed a centaur
   605 | D        | Noticed a yak
   605 | D        | Noticed a bullfrog
   605 | D        | Noticed a sky beast
   606 | D        | Killed an ogre
   606 | D        | Reached skill level 11 in Fighting
   606 | D        | Reached XP level 5. HP: 55/55 MP: 8/10
   608 | D        | Killed a centaur
   608 | D        | Reached skill level 5 in Armour
   608 | D        | Reached skill level 5 in Shields
   608 | D        | Reached skill level 5 in Evocations
   608 | D        | Reached XP level 6. HP: 59/62 MP: 8/12
   621 | D        | Killed a yak
   621 | D        | Reached * piety under Okawaru
   621 | D        | Reached skill level 5 in Invocations
   623 | D        | Reached skill level 5 in Short Blades
   623 | D        | Reached skill level 5 in Long Blades
   623 | D        | Reached skill level 5 in Axes
   623 | D        | Reached skill level 5 in Polearms
   623 | D        | Reached skill level 5 in Staves
   623 | D        | Reached skill level 5 in Slings
   623 | D        | Reached skill level 5 in Bows
   623 | D        | Reached skill level 5 in Crossbows
   623 | D        | Reached skill level 5 in Throwing
   623 | D        | Reached skill level 5 in Dodging
   623 | D        | Reached skill level 5 in Stealth
   623 | D        | Reached skill level 5 in Unarmed Combat
   623 | D        | Reached skill level 5 in Spellcasting
   623 | D        | Reached XP level 7. HP: 57/68 MP: 10/14
   783 | D        | Noticed a tengu warrior
   783 | D        | Noticed a four-headed hydra
   783 | D        | Noticed an efreet
   797 | D        | Killed a tengu warrior
   797 | D        | Reached ** piety under Okawaru
   797 | D        | Reached *** piety under Okawaru
   797 | D        | Reached skill level 12 in Fighting
   797 | D        | Reached skill level 5 in Conjurations
   797 | D        | Reached skill level 5 in Hexes
   797 | D        | Reached skill level 5 in Charms
   797 | D        | Reached skill level 5 in Summonings
   797 | D        | Reached skill level 5 in Necromancy
   797 | D        | Reached skill level 5 in Translocations
   797 | D        | Reached skill level 5 in Transmutations
   797 | D        | Reached skill level 5 in Fire Magic
   797 | D        | Reached skill level 5 in Ice Magic
   797 | D        | Reached skill level 5 in Air Magic
   797 | D        | Reached skill level 5 in Earth Magic
   797 | D        | Reached skill level 5 in Poison Magic
   797 | D        | Reached XP level 8. HP: 62/76 MP: 14/17
   805 | D        | Killed a one-headed hydra
   805 | D        | Reached XP level 9. HP: 49/82 MP: 15/19
   817 | D        | Killed from afar by an efreet

Vault maps used:
D:        linesprint

Skill      XL: |  1  2  3  4  5  6  7  8  9 |
---------------+----------------------------+-----
Fighting       | 11 12 | 12.3
Invocations    | 1 3 4 5 7 |  7.9
Short Blades   | 1 3 4 5 6 7 |  7.2
Long Blades    | 1 3 4 5 6 7 |  7.2
Axes           | 1 3 4 5 6 7 |  7.2
Polearms       | 1 3 4 5 6 7 |  7.2
Staves         | 1 3 4 5 6 7 |  7.2
Slings         | 1 3 4 5 6 7 |  7.2
Bows           | 1 3 4 5 6 7 |  7.2
Crossbows      | 1 3 4 5 6 7 |  7.2
Throwing       | 1 3 4 5 6 7 |  7.2
Dodging        | 1 3 4 5 6 7 |  7.2
Stealth        | 1 3 4 5 6 7 |  7.2
Unarmed Combat | 1 3 4 5 6 7 |  7.2
Spellcasting   | 1 3 4 5 6 7 |  7.2
Conjurations   | 2 3 4 5 6 |  6.0
Hexes          | 2 3 4 5 6 |  6.0
Charms         | 2 3 4 5 6 |  6.0
Summonings     | 2 3 4 5 6 |  6.0
Necromancy     | 2 3 4 5 6 |  6.0
Translocations | 2 3 4 5 6 |  6.0
Transmutations | 2 3 4 5 6 |  6.0
Fire Magic     | 2 3 4 5 6 |  6.0
Ice Magic      | 2 3 4 5 6 |  6.0
Air Magic      | 2 3 4 5 6 |  6.0
Earth Magic    | 2 3 4 5 6 |  6.0
Poison Magic   | 2 3 4 5 6 |  6.0
Armour         | 4 5 7 |  7.7
Shields        | 4 5 7 |  7.7
Evocations     | 4 5 7 |  7.7
Maces & Flails | 5 6 8 |  8.6

Action                   |  1- 3 |  4- 6 |  7- 9 || total
-------------------------+-------+-------+-------++-------
Melee: Mace              |    40 |       |       ||    40
       Bite              |     4 |     3 |     3 ||    10
       Morningstar       |       |    15 |    24 ||    39
       Scimitar          |       |       |     7 ||     7
Invok: Heroism           |       |       |     1 ||     1
Evoke: Wand              |       |     3 |       ||     3
  Use: Potion            |     2 |       |       ||     2
Armor: Ring mail         |    19 |       |       ||    19
       Chain mail        |       |     4 |     5 ||     9
Dodge: Dodged            |     4 |     7 |     9 ||    20
Block: Shield            |    12 |     7 |    20 ||    39

Table legend:
 A = Spawn XP
 B = Non-spawn XP
 C = Spawn XP percentage of total XP
 D = Spawn monster count
 E = Non-spawn monster count
 F = Spawn count percentage of total count
 G = Total turns spent on level
                    A         B        C        D         E        F      G
               +---------+---------+-------+---------+---------+-------+---------
         Total |       0 |    2774 |   0.0 |       0 |      20 |   0.0 |   817
               +---------+---------+-------+---------+---------+-------+---------
             D |       0 |    2774 |   0.0 |       0 |      20 |   0.0 |   817
               +---------+---------+-------+---------+---------+-------+---------
